Dernière mise à jour: 2025-12-07 16:11:59
% Time on Ice - KELOWNA ROCKETS
Lines # - Real PCT - Wanted PCT - Time Play
Normal Forward
1 - 33% - 36% - 15:31
2 - 27% - 36% - 12:59
3 - 22% - 28% - 10:29
4 - 17% - 0% - 8:16
Normal Defense
1 - 37% - 37% - 17:18
2 - 34% - 35% - 15:57
3 - 27% - 28% - 12:41
4 - 3% - 0% - 1:19
PP Forward
1 - 53% - 60% - 3:08
2 - 47% - 40% - 2:49
PP Defense
1 - 46% - 70% - 2:44
2 - 54% - 30% - 3:13
PK Forward
1 - 80% - 60% - 3:51
2 - 20% - 40% - 0:58
PK Defense
1 - 38% - 50% - 1:49
2 - 62% - 50% - 3:00
PK3 Forward
1 - 0% - 50%
2 - 0% - 50%
PK3 Defense
1 - 0% - 50%
2 - 0% - 50%
44 Forward
1 - 24% - 50% - 0:28
2 - 76% - 50% - 1:31
44 Defense
1 - 24% - 50% - 0:28
2 - 76% - 50% - 1:31
Last Minute Offensive  - 0:00
Last Minute Defensive  - 0:00
Total
Forward - 60:00
Defense - 60:00
% Time on Ice - WINNIPEG BEAVERS
Lines # - Real PCT - Wanted PCT - Time Play
Normal Forward
1 - 36% - 36% - 17:02
2 - 30% - 34% - 14:14
3 - 23% - 26% - 10:57
4 - 11% - 4% - 5:02
Normal Defense
1 - 36% - 35% - 16:52
2 - 35% - 33% - 16:27
3 - 29% - 28% - 13:56
4 - 0% - 4% - 0:00
PP Forward
1 - 52% - 52% - 2:31
2 - 48% - 48% - 2:18
PP Defense
1 - 72% - 53% - 3:29
2 - 28% - 47% - 1:20
PK Forward
1 - 53% - 51% - 3:09
2 - 47% - 49% - 2:48
PK Defense
1 - 62% - 52% - 3:43
2 - 38% - 48% - 2:14
PK3 Forward
1 - 0% - 55%
2 - 0% - 45%
PK3 Defense
1 - 0% - 55%
2 - 0% - 45%
44 Forward
1 - 54% - 52% - 1:04
2 - 46% - 48% - 0:55
44 Defense
1 - 54% - 55% - 1:04
2 - 46% - 45% - 0:55
Last Minute Offensive  - 0:00
Last Minute Defensive  - 0:00
Total
Forward - 60:00
Defense - 60:00
Play-by-Play 1st period 0:01 of 1st period - Auston Matthews wins face-off versus Brayden Schenn in neutral zone. 0:31 of 1st period - Minor Penalty to Auston Matthews for Holding. 0:32 of 1st period - Marcus Foligno wins face-off versus Oskar Sundqvist in KELOWNA ROCKETS zone. 0:37 of 1st period - Shot by Victor Hedman. 0:37 of 1st period - Stopped by Pheonix Copley with a rebound. 0:39 of 1st period - Shot by Victor Hedman. 0:39 of 1st period - Stopped by Pheonix Copley without a rebound. 0:40 of 1st period - Brayden Schenn wins face-off versus Vladimir Tarasenko in KELOWNA ROCKETS zone. 1:39 of 1st period - Vladislav Gavrikov is hit by Marcus Foligno and loses puck. 1:59 of 1st period - Icing by Victor Hedman. 2:00 of 1st period - Sam Bennett wins face-off versus Pavel Buchnevich in WINNIPEG BEAVERS zone. 2:52 of 1st period - Shot by Victor Olofsson. 2:52 of 1st period - Stopped by Logan Thompson without a rebound. 2:53 of 1st period - Mark Jankowski wins face-off versus Nick Cousins in WINNIPEG BEAVERS zone. 3:20 of 1st period - Icing by John Carlson. 3:21 of 1st period - Auston Matthews wins face-off versus Nick Cousins in WINNIPEG BEAVERS zone. 3:38 of 1st period - Auston Matthews is hit by Ryan Reaves and loses puck. 4:15 of 1st period - Auston Matthews is hit by Marcus Foligno. 4:56 of 1st period - Shot by Brayden Schenn. 4:56 of 1st period - Shot Misses the Net. 4:58 of 1st period - Shot by Scott Mayfield. 4:58 of 1st period - Stopped by Pheonix Copley without a rebound. 4:59 of 1st period - Sean Kuraly wins face-off versus Mark Jankowski in KELOWNA ROCKETS zone. 5:08 of 1st period - Shot by Pavel Dorofeyev. 5:08 of 1st period - Stopped by Logan Thompson without a rebound. 5:09 of 1st period - Noah Gregor wins face-off versus Jonathan Audy-Marchessault in WINNIPEG BEAVERS zone. 5:29 of 1st period - Brayden Schenn is hit by Vladislav Gavrikov and loses puck. 5:50 of 1st period - Shot by Brayden Schenn. 5:50 of 1st period - Deflect By Jonathan Audy-Marchessault. 5:50 of 1st period - Shot Misses the Net. 6:19 of 1st period - Cal Clutterbuck is hit by Jonathon Merrill and loses puck. 6:36 of 1st period - Shot by John Carlson. 6:36 of 1st period - Shot Blocked by Jonathon Merrill. 6:38 of 1st period - Shot by Sean Kuraly. 6:38 of 1st period - Shot Misses the Net. 7:23 of 1st period - Sam Bennett is hit by Jonathon Merrill and loses puck. 8:09 of 1st period - Pavel Dorofeyev is hit by Scott Mayfield and loses puck. 8:15 of 1st period - Minor Penalty to Jeremy Lauzon for Slashing. 8:16 of 1st period - Auston Matthews wins face-off versus Sean Kuraly in WINNIPEG BEAVERS zone. 8:56 of 1st period - Off-side. 8:57 of 1st period - Sam Bennett wins face-off versus Parker Kelly in neutral zone. 9:08 of 1st period - Shot by Marcus Foligno. 9:08 of 1st period - Goal by Marcus Foligno - KELOWNA ROCKETS : 0 - WINNIPEG BEAVERS : 1. 9:09 of 1st period - Tyler Toffoli wins face-off versus Sean Kuraly in neutral zone. 9:20 of 1st period - Shot by Jamie Drysdale. 9:20 of 1st period - Stopped by Logan Thompson with a rebound. 9:22 of 1st period - Shot by Dakota Mermis. 9:22 of 1st period - Shot Blocked by John Carlson. 9:33 of 1st period - Shot by Pavel Dorofeyev. 9:33 of 1st period - Stopped by Logan Thompson without a rebound. 9:34 of 1st period - Sam Bennett wins face-off versus Auston Matthews in WINNIPEG BEAVERS zone. 11:22 of 1st period - Shot by Sean Kuraly. 11:22 of 1st period - Shot Misses the Net. 11:36 of 1st period - Shot by Sean Kuraly. 11:36 of 1st period - Shot Misses the Net. 11:38 of 1st period - Shot by Cal Clutterbuck. 11:38 of 1st period - Shot Misses the Net. 11:40 of 1st period - Shot by Sean Kuraly. 11:40 of 1st period - Shot Blocked by Parker Kelly. 11:42 of 1st period - Shot by John Carlson. 11:42 of 1st period - Stopped by Pheonix Copley without a rebound. 11:43 of 1st period - Auston Matthews wins face-off versus Sam Bennett in KELOWNA ROCKETS zone. 12:15 of 1st period - Jonathon Merrill is hit by Victor Hedman and loses puck. 13:52 of 1st period - Shot by Brandon Saad. 13:52 of 1st period - Shot Misses the Net. 14:42 of 1st period - Shot by Auston Matthews. 14:42 of 1st period - Shot Blocked by Seth Jones. 15:03 of 1st period - Pavel Buchnevich is hit by Seth Jones and loses puck. 16:02 of 1st period - Shot by Parker Kelly. 16:02 of 1st period - Stopped by Logan Thompson without a rebound. 16:03 of 1st period - Brayden Schenn wins face-off versus Noah Gregor in WINNIPEG BEAVERS zone. 16:19 of 1st period - Off-side. 16:20 of 1st period - Sean Kuraly wins face-off versus Parker Kelly in neutral zone. 17:44 of 1st period - Shot by Sam Bennett. 17:44 of 1st period - Shot Misses the Net. 18:06 of 1st period - Shot by Brayden Schenn. 18:06 of 1st period - Shot Blocked by Erik Brannstrom. 18:55 of 1st period - Shot by Auston Matthews. 18:55 of 1st period - Stopped by Logan Thompson without a rebound. 18:56 of 1st period - Sean Kuraly wins face-off versus Noah Gregor in WINNIPEG BEAVERS zone. 19:20 of 1st period - Minor Penalty to Mike Reilly for Tripping. 19:21 of 1st period - Sam Bennett wins face-off versus Oskar Sundqvist in KELOWNA ROCKETS zone. Goals for this period are 0 for KELOWNA ROCKETS vs 1 for WINNIPEG BEAVERS. Shots for this period are 6 for KELOWNA ROCKETS vs 5 for WINNIPEG BEAVERS. 2nd period 0:01 of 2nd period - Brayden Schenn wins face-off versus Oskar Sundqvist in neutral zone. 0:18 of 2nd period - Shot by John Carlson. 0:18 of 2nd period - Shot Misses the Net. 0:20 of 2nd period - Shot by John Carlson. 0:20 of 2nd period - Stopped by Pheonix Copley without a rebound. 0:21 of 2nd period - Sam Bennett wins face-off versus Oskar Sundqvist in KELOWNA ROCKETS zone. 0:30 of 2nd period - Shot by Sam Bennett. 0:30 of 2nd period - Stopped by Pheonix Copley without a rebound. 0:31 of 2nd period - Brayden Schenn wins face-off versus Oskar Sundqvist in KELOWNA ROCKETS zone. 1:09 of 2nd period - Shot by Brandon Saad. 1:09 of 2nd period - Shot Misses the Net. 1:15 of 2nd period - Shot by Jonathan Audy-Marchessault. 1:15 of 2nd period - Stopped by Pheonix Copley without a rebound. 1:16 of 2nd period - Sam Bennett wins face-off versus Parker Kelly in KELOWNA ROCKETS zone. 1:33 of 2nd period - Shot by Pavel Dorofeyev. 1:33 of 2nd period - Stopped by Logan Thompson with a rebound. 1:35 of 2nd period - Shot by Parker Kelly. 1:35 of 2nd period - Deflect By Pavel Dorofeyev. 1:35 of 2nd period - Goal by Pavel Dorofeyev - KELOWNA ROCKETS : 1 - WINNIPEG BEAVERS : 1. 1:36 of 2nd period - Noah Gregor wins face-off versus Sam Bennett in neutral zone. 1:42 of 2nd period - Icing by Adam Larsson. 1:43 of 2nd period - Sam Bennett wins face-off versus Auston Matthews in WINNIPEG BEAVERS zone. 1:50 of 2nd period - Auston Matthews is hit by Sam Bennett and loses puck. 2:17 of 2nd period - Shot by James van Riemsdyk. 2:17 of 2nd period - Shot Blocked by Auston Matthews. 2:41 of 2nd period - Icing by Erik Brannstrom. 2:42 of 2nd period - Sean Kuraly wins face-off versus Auston Matthews in KELOWNA ROCKETS zone. 2:51 of 2nd period - Shot by Brandon Saad. 2:51 of 2nd period - Shot Blocked by Auston Matthews. 3:35 of 2nd period - Shot by Brayden Schenn. 3:35 of 2nd period - Shot Blocked by Erik Brannstrom. 3:37 of 2nd period - Shot by Scott Mayfield. 3:37 of 2nd period - Shot Misses the Net. 4:00 of 2nd period - Shot by Nikolaj Ehlers. 4:00 of 2nd period - Stopped by Pheonix Copley with a rebound. 4:10 of 2nd period - Shot by Brayden Schenn. 4:10 of 2nd period - Stopped by Pheonix Copley without a rebound. 4:11 of 2nd period - Oskar Sundqvist wins face-off versus Sam Bennett in KELOWNA ROCKETS zone. 4:28 of 2nd period - Shot by Tyler Bertuzzi. 4:28 of 2nd period - Deflect By Tyler Toffoli. 4:28 of 2nd period - Shot Misses the Net. 4:30 of 2nd period - Shot by Vladislav Gavrikov. 4:30 of 2nd period - Stopped by Logan Thompson with a rebound. 4:46 of 2nd period - Shot by Tyler Bertuzzi. 4:46 of 2nd period - Shot Misses the Net. 4:52 of 2nd period - Shot by Oskar Sundqvist. 4:52 of 2nd period - Stopped by Logan Thompson without a rebound. 4:53 of 2nd period - Mark Jankowski wins face-off versus Brayden Schenn in WINNIPEG BEAVERS zone. 5:00 of 2nd period - Shot by Pavel Dorofeyev. 5:00 of 2nd period - Shot Misses the Net. 5:02 of 2nd period - Shot by Jonathon Merrill. 5:02 of 2nd period - Shot Blocked by Seth Jones. 6:08 of 2nd period - Off-side. 6:09 of 2nd period - Sam Bennett wins face-off versus Oskar Sundqvist in neutral zone. 6:16 of 2nd period - Shot by Oskar Sundqvist. 6:16 of 2nd period - Shot Misses the Net. 6:37 of 2nd period - Oskar Sundqvist is hit by Jeremy Lauzon and loses puck. 6:45 of 2nd period - Jamie Drysdale is hit by Jeremy Lauzon and loses puck. 7:35 of 2nd period - Shot by Cal Clutterbuck. 7:35 of 2nd period - Shot Misses the Net. 7:57 of 2nd period - Vladislav Gavrikov is hit by Sean Kuraly and loses puck. 8:20 of 2nd period - Shot by Seth Jones. 8:20 of 2nd period - Stopped by Pheonix Copley without a rebound. 8:21 of 2nd period - Oskar Sundqvist wins face-off versus Nick Cousins in KELOWNA ROCKETS zone. 8:37 of 2nd period - Shot by Kiefer She